 Dungeon Crawl Stone Soup version 0.26-a0-812-g31a745ddcd (webtiles) character file.

Game seed: 9050782619522033085

1465 HoaS the Basher (level 8, -8/46 HPs)
             Began as a Gargoyle Fighter on Dec 8, 2020.
             Was a Follower of Makhleb.
             Mangled by an orc warrior
             ... wielding a +0 halberd
              (12 damage)
             ... on level 6 of the Dungeon.
             The game lasted 00:11:22 (4067 turns).

HoaS the Basher (Gargoyle Fighter)                  Turns: 4067, Time: 00:11:23

Health: -8/46      AC: 16    Str: 28    XL:     8   Next: 77%
Magic:  8/8        EV:  7    Int:  9    God:    Makhleb [*.....]
Gold:   991        SH: 11    Dex:  9    Spells: 7/7 levels left

rFire    . . .     SeeInvis .   y - +0 morningstar
rCold    . . .     Faith    .   c - +0 kite shield
rNeg     + . .     Spirit   .   h - +0 chain mail
rPois    ∞         Reflect  .   i - +1 helmet
rElec    +         Harm     .   (no cloak)
rCorr    .         Rampage  .   (no gloves)
MR       .....                  (no boots)
Stlth    ..........             f - amulet of regeneration
HPRegen  0.55/turn              s - +6 ring of strength
MPRegen  0.11/turn              (no ring)

@: mighty
A: negative energy resistance 1, electricity resistance, unbreathing,
petrification resistance, rot immunity, AC +5
a: Renounce Religion


You were on level 6 of the Dungeon.
You worshipped Makhleb.
Makhleb was aware of your devotion.
You visited 2 branches of the dungeon, and saw 8 of its levels.

You collected 1103 gold pieces.
You spent 112 gold pieces at shops.

Inventory:

Hand Weapons
 y - a +0 morningstar (weapon)
Armour
 c - a +0 kite shield (worn)
 h - a +0 chain mail (worn)
 i - a +1 helmet (worn)
Jewellery
 f - an amulet of regeneration (around neck)
 s - a +6 ring of strength (left hand)
Wands
 r - a wand of random effects (21)
 v - a wand of acid (6)
 x - a wand of iceblast (10)
Scrolls
 e - 4 scrolls of remove curse
 q - a scroll of identify
 t - a scroll of teleportation
 u - a scroll of blinking
Potions
 b - 2 potions of flight {unknown}
 g - 3 potions of cancellation {unknown}
 j - 2 potions of heal wounds {unknown}
 k - 3 potions of brilliance {unknown}
 l - 4 potions of lignification {unknown}
 m - 2 potions of ambrosia {unknown}
 n - a potion of haste {unknown}
 o - a potion of attraction {unknown}
 p - a potion of curing {unknown}
 w - a potion of invisibility {unknown}


   Skills:
 - Level 3.2 Fighting
 * Level 8.9 Maces & Flails
 - Level 3.2 Armour
 + Level 7.4 Shields


You had 7 spell levels left.
You didn't know any spells.
Your spell library was empty.

Dungeon Overview and Level Annotations

Branches:
Dungeon (7/15)             Temple (1/1) D:5

Altars:
Ashenzari
Cheibriados
Dithmenos
Elyvilon
Fedhas
Gozag
Hepliaklqana
Kikubaaqudgha
Makhleb
Okawaru
Qazlal
Sif Muna
Trog
Xom
Yredelemnul
Zin
The Shining One

Shops:
D:6 *

Annotations:
D:6 1 runed translucent door, Killmatronix's ghost, novice OpHu


Innate Abilities, Weirdness & Mutations

You are resistant to torment.
Your stone body is resilient. (AC +5)
You are immune to poison.
You resist negative energy. (rN+)
You are resistant to electric shocks. (rElec)
You can survive without breathing.
You are immune to petrification.
You are immune to rotting.


Message History

You closely miss the orc warrior.
The orc warrior hits you with a +0 halberd!!
Ouch! That really hurt!
Your shield and chain mail prevent you from hitting the orc warrior.
Your chain mail prevents you from hitting the orc warrior.
The orc warrior hits you with a +0 halberd!
* * * LOW HITPOINT WARNING * * *
You feel very mighty all of a sudden.
The orc warrior hits you with a +0 halberd!
* * * LOW HITPOINT WARNING * * *
You hit the orc warrior.
The orc warrior is lightly wounded.
The orc warrior hits you but does no damage.
You hit the orc warrior.
The orc warrior is moderately wounded.
You block the orc warrior's attack.
You hit the orc warrior.
The orc warrior is moderately wounded.
The orc warrior hits you with a +0 halberd!
You die...

##.#..# #.....#
........###... #.###.#
................######.#
.......................#
..[..........########..#
...##.#..##..########..#
....................#..#
.............######.#..###.#
..[.........>...@o..........#
...##.#..#.............###.##
..... #.[.######.#..# ...#
#...######.#..### ...##.
#....o.o.......... .....
.......####.#..##.. #..#
....... .....# .
#..##.#..#..... .......
............. ......##.


You could see an orc warrior.

Vanquished Creatures
  Grinder (D:5)
  An ice beast (D:5)
  A sky beast (D:6)
  2 ogres (D:4)
  2 centaurs
  A bullfrog (D:3)
  A wyvern zombie (D:6)
  A scorpion (D:4)
  3 orc priests
  5 hounds
  2 orc wizards (D:6)
  Ijyb (D:5)
  3 worker ants
  7 adders
  A shadow imp (D:6)
  3 white imps (D:5)
  An adder skeleton (D:4)
  A dart slug (D:1)
  2 leopard geckos
  20 orcs
  2 ball pythons
  4 bats
  6 giant cockroaches
  7 goblins
  5 hobgoblins
  2 jackals (D:2)
  7 kobolds
  5 quokkas
  A ball python skeleton (D:4)
  3 frilled lizards
  2 quokka skeletons (D:4)
  7 rats
110 creatures vanquished.

Notes
Turn   | Place    | Note
-------+----------+-------------------------------------------
     0 | D:1      | HoaS the Gargoyle Fighter began the quest for the Orb.
     0 | D:1      | Reached XP level 1. HP: 14/14 MP: 1/1
   256 | D:1      | Reached XP level 2. HP: 19/19 MP: 2/2
   674 | D:2      | Reached skill level 3 in Maces & Flails
   687 | D:2      | Reached XP level 3. HP: 17/23 MP: 3/3
   923 | D:2      | Found a shimmering altar of Xom.
  1310 | D:3      | Reached XP level 4. HP: 28/28 MP: 4/4
  1419 | D:3      | Noticed a bullfrog
  1442 | D:3      | Reached skill level 4 in Maces & Flails
  1450 | D:3      | Killed a bullfrog
  1450 | D:3      | Reached XP level 5. HP: 26/32 MP: 5/5
  2075 | D:4      | Noticed an ogre
  2081 | D:4      | Killed an ogre
  2081 | D:4      | Reached skill level 5 in Maces & Flails
  2081 | D:4      | Reached skill level 5 in Shields
  2081 | D:4      | Reached XP level 6. HP: 37/37 MP: 6/6
  2136 | D:4      | Reached skill level 6 in Maces & Flails
  2136 | D:4      | Reached XP level 7. HP: 41/41 MP: 7/7
  2853 | D:4      | Found a shimmering blue altar of Sif Muna.
  2886 | D:5      | Entered Level 5 of the Dungeon
  3024 | D:5      | Found an ancient bone altar of Kikubaaqudgha.
  3024 | D:5      | Noticed Grinder
  3040 | D:5      | Killed Grinder
  3040 | D:5      | Reached skill level 7 in Maces & Flails
  3040 | D:5      | Reached XP level 8. HP: 46/46 MP: 8/8
  3159 | D:5      | Noticed Ijyb
  3171 | D:5      | Killed Ijyb
  3194 | D:5      | Found a staircase to the Ecumenical Temple.
  3234 | Temple   | Entered the Ecumenical Temple
  3441 | Temple   | Became a worshipper of Makhleb the Destroyer
  3606 | D:6      | Found a runed translucent door.
  3611 | D:6      | Noticed a cyan ugly thing
  3611 | D:6      | Noticed Killmatronix's ghost (novice OpHu)
  3651 | D:6      | Reached skill level 8 in Maces & Flails
  3682 | D:6      | Found Zasigaawk's Assorted Antiques.
  3691 | D:6      | Bought a morningstar for 112 gold pieces
  3782 | D:6      | Identified a scroll of acquirement
  3782 | D:6      | Acquired 706 gold pieces
  4054 | D:7      | Reached * piety under Makhleb
  4064 | D:6      | HP: 2/46 [orc warrior/+0 halberd (8)]
  4067 | D:6      | Mangled by an orc warrior

Illustrated notes

Levels and vault maps discovered:
D:1:      dpeg_arrival_castle, layout_loops_ring
D:2:      layout_rooms, brannock_xom_greatest_gift
D:3:      layout_basic, nrook_mini_vaults
D:4:      layout_basic, lemuel_blue_sif_altar
D:5:      layout_rooms, lemuel_coloured_pillars_altar,
          minmay_temple_entry_overgrown, uniq_ijyb, uniq_grinder
D:6:      layout_basic, dancing_weapons_uskayaw, ebering_ghost_inner_flame,
          serial_shops, shop, minmay_misc_feat_ornament,
          sigmund_edmund_badplayer
D:7:      layout_loops_ring, dk_noncrumbling_3, uniq_harold, uniq_menkaure
Temple:   dpeg_chambers_temple

Skill      XL: |  1  2  3  4  5  6  7  8 |
---------------+-------------------------+-----
Maces & Flails | 3 4 5 6 7 8 |  8.9
Shields        | 4 5 6 7 |  7.4
Fighting       | |  3.2
Armour         | |  3.2

Action                   |  1- 3 |  4- 6 |  7- 9 || total
-------------------------+-------+-------+-------++-------
Melee: Flail             |   151 |   107 |   143 ||   401
       Morningstar       |       |       |    54 ||    54
Evoke: Wand              |       |     4 |     2 ||     6
  Use: Scroll            |     2 |     8 |     2 ||    12
       Potion            |       |     1 |     1 ||     2
 Stab: Paralysed         |       |       |     7 ||     7
Armor: Scale mail        |    87 |    53 |    31 ||   171
       Chain mail        |       |       |    65 ||    65
Dodge: Dodged            |    54 |    30 |    50 ||   134
Block: Kite shield       |   105 |    59 |    90 ||   254

Table legend: (Time is in decaauts)
 A = Elapsed time spent in this place.
 B = Non-inter-level travel time spent in this place.
 C = Inter-level travel time spent in this place.
 D = Time resting spent in this place.
 E = Time spent auto-exploring this place.
 F = Levels seen in this place.
 G = Mean time per level.
                   A        B        C        D        E       F      G
               +--------+--------+--------+--------+--------+-----+--------+
         Total |   4172 |   4009 |    163 |    211 |   2758 |   8 |  521.5 |
       Dungeon |   3956 |   3811 |    145 |    211 |   2570 |   7 |  565.1 |
        Temple |    215 |    197 |     18 |      0 |    188 |   1 |  215.0 |
               +--------+--------+--------+--------+--------+-----+--------+

Top non-repeatable levels by time:
     D:4: 909 daAuts
     D:3: 836 daAuts
     D:2: 671 daAuts
     D:1: 593 daAuts
     D:5: 464 daAuts
     D:6: 443 daAuts
  Temple: 215 daAuts
     D:7: 38 daAuts
